 Dungeon Crawl Stone Soup version 0.28.0-45-g0d030f2227 (webtiles) character file.

Game seed: 4537619594906832886

382 zeratav the Insei (level 6, 0/42 HPs)
             Began as an Octopode Transmuter on Apr 8, 2022.
             Slain by an ogre
             ... wielding a +0 giant club
              (15 damage)
             ... on level 4 of the Dungeon.
             The game lasted 00:10:04 (2727 turns).

zeratav the Insei (Octopode Transmuter)             Turns: 2727, Time: 00:10:05

Health: 0/42       AC:  1    Str: 10    XL:     6   Next: 76%
Magic:  3/9        EV: 14    Int: 15    God:
Gold:   99         SH:  0    Dex: 14    Spells: 5/9 levels left

rFire   . . .      SeeInvis .   c - +3 dagger (vamp) {short}
rCold   . . .      Faith    .   (no shield)
rNeg    . . .      Spirit   .   (helmet restricted)
rPois   .          Reflect  .   g - amulet of regeneration {@e2}
rElec   .          Harm     .   (no ring)
rCorr   .          Rampage  .   (no ring)
Will    .....                   (no ring)
Stlth   ++++......              (no ring)
HPRegen 0.94/turn               (no ring)
MPRegen 0.11/turn               (no ring)
                                (no ring)
                                (no ring)

@: very slightly contaminated, studying Shields
A: almost no armour, amphibious, 8 rings, camouflage 1, gelatinous body 1,
(nimble swimmer 1), tentacles
a: no special abilities


You were on level 4 of the Dungeon.
You visited 1 branch of the dungeon, and saw 4 of its levels.

You collected 127 gold pieces.
You spent 28 gold pieces at shops.


Innate Abilities, Weirdness & Mutations

You cannot wear most types of armour.
You are amphibious.
You can wear up to eight rings at the same time.
Your skin changes colour to match your surroundings (Stealth+).
Your rubbery body absorbs attacks. (AC +1, EV +1)
((You are camouflaged when in or above water. (Stealth+)))
You have tentacles for arms and can constrict up to eight enemies at once.


   Skills:
 + Level 3.0 Fighting
 + Level 3.5 Dodging
 + Level 4.0 Stealth
 * Level 5.1 Unarmed Combat
 - Level 2.0 Spellcasting
 - Level 2.0 Transmutations


You had 5 spell levels left.
You knew the following spells:

 Your Spells              Type           Power      Damage    Failure   Level
a - Beastly Appendage     Tmut           14%        N/A       10%         1
b - Spider Form           Tmut/Pois      4%         N/A       41%         3

Your spell library contained the following spells:

 Spells                   Type           Power      Damage    Failure   Level
 Wereblood                Tmut           7%         N/A       14%         2
 Summon Small Mammal      Summ           4%         N/A       22%         1
 Call Canine Familiar     Summ           1%         N/A       54%         3
 Gell's Gravitas          Tloc           1%         N/A       54%         3
 Summon Guardian Golem    Hex/Summ       1%         N/A       54%         3
 Teleport Other           Tloc           1%         N/A       54%         3
 Ice Form                 Ice/Tmut       4%         N/A       82%         4
 Dispersal                Tloc           0%         N/A       100%        6

Inventory:

Hand Weapons
 c - a +3 vampiric dagger (weapon) {short}
   (You found it on level 1 of the Dungeon)
Missiles
 k - 2 boomerangs of dispersal {=f!fthrowing}
 p - 4 javelins {throwing}
Jewellery
 g - an amulet of regeneration (around mantle) {@e2}
   (You found it on level 1 of the Dungeon)
Wands
 l - a wand of flame (37)
   (You found it on level 3 of the Dungeon)
Scrolls
 a - a scroll of noise {unknown}
 d - 2 scrolls of teleportation {@r4}
 e - 3 scrolls of identify {@r1}
 j - a scroll of vulnerability {unknown}
 m - a scroll of blinking {!r}
Potions
 b - 2 potions of brilliance {unknown}
 f - 2 potions of mutation {unknown}
 h - a potion of magic {unknown}
 i - 2 potions of curing {unknown}

Dungeon Overview and Level Annotations

Branches:
Dungeon (4/15)
 Temple: D:4-7

Altars:

Shops:
D:3 ?

Annotations:
D:3 Sigmund

..........# #....#.............
..........# #....'.............
#.....##..# #....##############
#.....##..#######...............#
##....##........#...............#
#......#........#...)).)........#
#.....###'#######...))..........#
#.....#..........O#'#########'#).
##....#.........@.#...........#).
######...........#..)........#..
#...........'.........).#..
#[..........#...........#..
#...........#####.####..#..
#########'###..##.#########
#......'....'....#
#......#....#....#
#......#....#....#


You could see an ogre.


Message History

You take 3 damage, and now have 17/41 hp.
You hit the orc wizard.
You feel better.
You constrict the orc wizard.
You kill the orc wizard!
Your Fighting skill increases to level 3!
Your Stealth skill increases to level 4!
HP[+2]
You now have 42 max hp (+1).
You regained 2 hp, and now have 19/42 hp.
Things that are here:
a +0 dagger {short}; a +0 robe; an orc corpse HP[+1] HP[+1] HP[+1] HP[+1] HP[+1] HP[+1] HP[+1] HP[+1]
You now have 99 gold pieces (gained 6).
Things that are here:
a +1 hand axe of flaming {axe}; a +0 leather armour HP[+2]
You regained 2 hp, and now have 29/42 hp.
Things that are here:
a +0 short sword {short}; an orc corpse; HP[+1]
Things that are here:
a +1 hand axe of flaming {axe}; a +0 leather armour HP[+1] HP[+1]
You start resting.
An ogre comes into view. It is wielding a +0 giant club.
HP[+10]
Your hp is fully restored (42).
Casting: Beastly Appendage (safe; 10% risk of failure)
Confirm with . or Enter, or press ? or * to list all spells.
The spell is quite dangerous to miscast (41% risk of failure)!
Continue anyway?
You miscast Spider Form.
You are very lightly contaminated with residual magic.
You feel odd!
You are poisoned.
The ogre shouts!
You feel sick.
HP[-11] MP[-3]
You take 11 damage, and now have 31/42 hp.
MASSIVE DAMAGE!! (PAUSE)
You lost 3 mp, and now have 6/9 mp.
You feel sick.
You feel sick.
You feel sick.
You feel sick.
You are no longer poisoned.
HP[-1]
You take 1 damage, and now have 30/42 hp.
HP[+1] HP[+1] HP[+1] HP[+1] MP[+1] HP[+1]
Casting: Spider Form (quite dangerous; 41% risk of failure)
Confirm with . or Enter, or press ? or * to list all spells.
The spell is quite dangerous to miscast (41% risk of failure)!
Continue anyway?
You miscast Spider Form.
Nothing appears to happen.
HP[+1] MP[-3]
You lost 3 mp, and now have 4/9 mp.
HP[+1] HP[+1] HP[+1] HP[+1] HP[+1] HP[+1]
Your hp is fully restored (42).
MP[+1]
Your magical contamination has completely faded away.
Casting: Spider Form (quite dangerous; 41% risk of failure)
Confirm with . or Enter, or press ? or * to list all spells.
The spell is quite dangerous to miscast (41% risk of failure)!
Continue anyway?
You miscast Spider Form.
You are very lightly contaminated with residual magic.
You feel very strange. The ogre closely misses you.
MP[-3]
You lost 3 mp, and now have 2/9 mp.
You hit the ogre but do no damage. You hit the ogre. You squeeze the ogre.
The ogre closely misses you.
You barely miss the ogre. You squeeze the ogre! The ogre misses you.
You hit the ogre. The ogre misses you.
You barely miss the ogre. You tentacle-slap the ogre.
MP[+1]
You hit the ogre. You squeeze the ogre. The ogre closely misses you.
You hit the ogre but do no damage. Your squeeze misses the ogre.
The ogre hits you with a +0 giant club!
HP[-14]
You take 14 damage, and now have 28/42 hp.
MASSIVE DAMAGE!! (PAUSE)
You hit the ogre. The ogre hits you with a +0 giant club!
* * * LOW HITPOINT WARNING * * *
HP[-14]
You take 14 damage, and now have 14/42 hp.
MASSIVE DAMAGE!! (PAUSE)
You hit the ogre. The ogre hits you with a +0 giant club!
You die...

Skill      XL: |  1  2  3  4  5  6 |
---------------+-------------------+-----
Stealth        | 1 2 3 4 |  4.0
Fighting       | 2 3 |  3.0
Unarmed Combat | 4 5 |  5.1
Dodging        | 3 |  3.5
Spellcasting   | |  2.0
Transmutations | |  2.0

Action                   |  1- 3 |  4- 6 || total
-------------------------+-------+-------++-------
Melee: Unarmed           |     8 |       ||     8
       Dagger            |    50 |    91 ||   141
       Kick              |     9 |    15 ||    24
       Constrict         |    13 |    23 ||    36
       Tentacles         |     9 |    22 ||    31
       Punch             |     1 |     5 ||     6
 Cast: Beastly Appendage |    13 |    13 ||    26
  Use: Scroll            |       |     6 ||     6
 Stab: Sleeping          |     8 |    10 ||    18
       Distracted        |       |     2 ||     2
Armor: Skin              |     5 |     1 ||     6
Dodge: Dodged            |    36 |    41 ||    77

Levels and vault maps discovered:
D:1:      noname_arrival_rooms_in_the_neighbourhood, layout_rooms,
          ebering_ecumenical_altar_ruins, minmay_unequal
D:2:      layout_basic
D:3:      layout_basic, serial_shops, shop, minmay_misc_feat_enclosed,
          uniq_sigmund, uniq_terence
D:4:      layout_gridville, uniq_natasha

Notes
Turn   | Place    | Note
-------+----------+-------------------------------------------
     0 | D:1      | zeratav the Octopode Transmuter began the quest for the
                  | Orb.
     0 | D:1      | Reached XP level 1. HP: 13/13 MP: 3/3
     0 | D:1      | magus.rc [v1.9.6]
     4 | D:1      | Found a faded altar of an unknown god.
    88 | D:1      | You pick up a book of Changes and begin reading...
   131 | D:1      | You pick up a book of Callings and begin reading...
   131 | D:1      | You add the spells Summon Small Mammal, Call Canine
                  | Familiar and Summon Guardian Golem to your library.
   410 | D:1      | Reached XP level 2. HP: 15/18 MP: 5/5
   543 | D:1      | Reached skill level 1 in Stealth
   835 | D:2      | Reached XP level 3. HP: 23/23 MP: 6/6
  1188 | D:2      | Reached skill level 2 in Stealth
  1188 | D:2      | Reached XP level 4. HP: 29/29 MP: 7/7
  1374 | D:3      | Noticed Terence
  1382 | D:3      | Noticed Sigmund
  1532 | D:3      | Reached skill level 2 in Fighting
  1532 | D:3      | Reached skill level 4 in Unarmed Combat
  1536 | D:3      | Reached XP level 5. HP: 29/34 MP: 8/8
  1621 | D:3      | Reached skill level 3 in Dodging
  1621 | D:3      | Reached skill level 3 in Stealth
  1686 | D:3      | Identified the +2 ring mail of the Harvest {Int+4}
  1711 | D:3      | Killed Terence
  1811 | D:3      | Reached XP level 6. HP: 30/41 MP: 7/9
  1829 | D:3      | You add the spells Gell's Gravitas, Teleport Other and
                  | Dispersal to your library.
  1842 | D:3      | Learned a level 3 spell: Spider Form
  2055 | D:3      | Found Vemuxtegh's Magic Scroll Shop.
  2074 | D:3      | Bought a scroll of identify for 28 gold pieces
  2074 | D:3      | Identified a scroll of acquirement
  2074 | D:3      | Acquired a manual of Shields
  2500 | D:4      | Reached skill level 5 in Unarmed Combat
  2627 | D:4      | HP: 8/41 [orc/+1 hand axe of flaming (7)]
  2671 | D:4      | Reached skill level 3 in Fighting
  2671 | D:4      | Reached skill level 4 in Stealth
  2727 | D:4      | Slain by an ogre

Vanquished Creatures
  A scorpion (D:4)
  3 orc priests
  An iguana (D:3)
  Terence (D:3)
  An orc wizard (D:4)
  4 gnolls (D:3)
  5 adders
  2 dart slugs
  9 orcs
  2 ball pythons
  4 endoplasms
  2 giant cockroaches
  5 goblins
  6 hobgoblins
  5 jackals (D:2)
  A quokka (D:4)
  7 bats
  A frilled lizard (D:1)
  7 kobolds
  4 rats
71 creatures vanquished.

Table legend:
 A = Non-vault XP
 B = Vault XP
 C = Vault XP percentage of total XP
 D = Non-vault monster count
 E = Vault monster count
 F = Vault count percentage of total count
                 A         B        C        D         E       F
            +---------+---------+-------+---------+---------+-------
      Total |     507 |      40 |   7.3 |      68 |       3 |   4.2
            +---------+---------+-------+---------+---------+-------
        D:1 |      26 |       4 |  13.3 |      17 |       2 |  10.5
        D:2 |      79 |       0 |   0.0 |      19 |       0 |   0.0
        D:3 |     208 |      36 |  14.8 |      17 |       1 |   5.6
        D:4 |     194 |       0 |   0.0 |      15 |       0 |   0.0
            +---------+---------+-------+---------+---------+-------

Illustrated notes

Table legend:
 A = Kills in this place as a percentage of kills in entire the game.
 B = Kills by you in this place as a percentage of kills by you in the entire game.
 C = Kills by friends in this place as a percentage of kills by friends in the entire game.
 D = Other kills in this place as a percentage of other kills in the entire game.
 E = Experience gained in this place as a percentage of experience gained in the entire game.
 F = Experience gained in this place divided by the number of levels of this place that you have seen.
                   A       B       C       D       E      F
               +-------+-------+-------+-------+-------+----------------------
         Total | 100.0 | 100.0 |   N/A |   N/A | 100.0 | 136.8
       Dungeon | 100.0 | 100.0 |   N/A |   N/A | 100.0 | 136.8
               +-------+-------+-------+-------+-------+----------------------

Table legend: (Time is in decaauts)
 A = Elapsed time spent in this place.
 B = Non-inter-level travel time spent in this place.
 C = Inter-level travel time spent in this place.
 D = Time resting spent in this place.
 E = Time spent auto-exploring this place.
 F = Levels seen in this place.
 G = Mean time per level.
                   A        B        C        D        E       F      G
               +--------+--------+--------+--------+--------+-----+--------+
         Total |   2726 |   2305 |    421 |    135 |   1272 |   4 |  681.5 |
       Dungeon |   2726 |   2305 |    421 |    135 |   1272 |   4 |  681.5 |
               +--------+--------+--------+--------+--------+-----+--------+

Top non-repeatable levels by time:
     D:1: 817 daAuts
     D:3: 812 daAuts
     D:2: 603 daAuts
     D:4: 493 daAuts
